 Dungeon Crawl Stone Soup version 0.25-b1-23-ge2ad7d536c (webtiles) character file.

Game seed: 17399593681223539563, levelgen mode: deterministic

15 nightchill the Firebug (level 2, 0/22 HPs)
             Began as a Draconian Fire Elementalist on June 3, 2020.
             Succumbed to Sigmund's poison
             ... on level 2 of the Dungeon.
             The game lasted 00:03:08 (1209 turns).

nightchill the Firebug (DrFE)                       Turns: 1209, Time: 00:03:14

Health: 0/22       AC:  5    Str: 12    XL:     2   Next: 34%
Magic:  1/5        EV: 12    Int: 15    God:
Gold:   32         SH:  0    Dex: 11    Spells: 4/5 levels left

rFire    . . .     SeeInvis .   j - +0 dagger
rCold    . . .     Gourm    .   (no shield)
rNeg     . . .     Faith    .   (armour unavailable)
rPois    .         Spirit   .   (helmet restricted)
rElec    .         Reflect  .   (no cloak)
rCorr    .         Harm     .   (no gloves)
MR       +....                  h - +0 pair of boots
Stlth    +.........             (no amulet)
HPRegen  0.07/turn              (no ring)
MPRegen  0.09/turn              (no ring)

@: confused, lethally poisoned (0 -> -14)
A: unfitting armour, stinger 1, magic resistance 1, strong 1, cold-blooded,
subdued magic 1, AC +4
a: no special abilities


You were on level 2 of the Dungeon.
You were not hungry.

You visited 1 branch of the dungeon, and saw 2 of its levels.

You collected 32 gold pieces.

Inventory:

Hand Weapons
 c - a +0 short sword
 j - a +0 dagger (weapon)
Missiles
 f - 4 curare-tipped darts (quivered)
Armour
 h - a +0 pair of boots (worn)
Jewellery
 a - an uncursed ring of protection from cold {unknown}
 n - a +6 ring of dexterity {unknown}
Scrolls
 g - a scroll of immolation {unknown}
 i - 2 scrolls of identify {unknown}
 k - a scroll of remove curse {unknown}
 l - a scroll of blinking {unknown}
Potions
 e - a potion of stabbing {unknown}
Comestibles
 b - a ration


   Skills:
 + Level 0.7 Fighting
 - Level 1.7 Dodging
 - Level 1.7 Stealth
 + Level 2.1 Spellcasting
 * Level 1.5 Conjurations
 * Level 3.2 Fire Magic


You had 4 spell levels left.
You knew the following spells:

 Your Spells              Type           Power        Failure   Level  Hunger
a - Foxfire               Conj/Fire      #...         7%          1    #......

Your spell library contained the following spells:

 Spells                   Type           Power        Failure   Level  Hunger
 Conjure Flame            Conj/Fire      #.......     21%         3    ###....
 Inner Flame              Hex/Fire       #.......     28%         3    ###....
 Sticky Flame             Conj/Fire      #.......     58%         4    #####..
 Fireball                 Conj/Fire      #.........   90%         5    ######.


Dungeon Overview and Level Annotations

Branches:
Dungeon (2/15)

Altars:

Annotations:
D:2 Sigmund


Innate Abilities, Weirdness & Mutations

Your plain brown scales are hard. (AC +4)
You cannot fit into any form of body armour.
You are cold-blooded and may be slowed by cold attacks.
Your tail ends in a poisonous barb.
You are resistant to hostile enchantments. (MR+)
Your muscles are strong. (Str +2)
Your spells are a little easier to cast, but a little less powerful.


Message History

You feel sick. Sigmund casts a spell at you.
You are confused.
You feel sick.
Sigmund mumbles some strange words.
Sigmund flickers and vanishes!
Deactivating autopickup; reactivate with Ctrl-A.
You feel sick.
You hear some strange, mumbled words.
A puff of flame appears from out of thin air!
The puff of flame hits you!
* * * LOW HITPOINT WARNING * * *
Really quaff the potion of mutation?
You feel extremely strange.
You feel agile.
You feel less energetic.
Your connection to magic feels subdued.
You feel resistant to hostile enchantments.
Your connection to magic feels more subdued.
Your connection to magic feels less subdued.
You die...

# .# ## ###.#
#.##... ##
#.#.#####!. ..
##<........
#####.#.#.######
#........@.#
#.#######{.#
#......<.
##.##.... .# ...
.# .. .. . .# ..


There were no monsters in sight!

Vanquished Creatures
  A leopard gecko (D:1)
  A ball python (D:1)
  5 bats (D:1)
  2 goblins (D:1)
  A hobgoblin (D:1)
  A kobold (D:1)
  2 rats (D:1)
13 creatures vanquished.

Vanquished Creatures (others)
  28 foxfires
28 creatures vanquished.

Grand Total: 41 creatures vanquished

Notes
Turn   | Place    | Note
-------+----------+-------------------------------------------
     0 | D:1      | nightchill the Draconian Fire Elementalist began the quest
                  | for the Orb.
     0 | D:1      | Reached XP level 1. HP: 14/14 MP: 3/3
   415 | D:1      | Reached XP level 2. HP: 22/22 MP: 3/5
  1176 | D:2      | Noticed Sigmund
  1197 | D:2      | Gained mutation: Your tail ends in a poisonous barb.
                  | [potion of mutation]
  1197 | D:2      | Gained mutation: Your muscles are strong. (Str +2) [potion
                  | of mutation]
  1197 | D:2      | Gained mutation: You are clumsy. (Dex -2) [potion of
                  | mutation]
  1197 | D:2      | Gained mutation: You have an increased reservoir of magic.
                  | (+10% MP) [potion of mutation]
  1208 | D:2      | HP: 1/22 [something/puff of flame (8)]
  1209 | D:2      | Lost mutation: You are clumsy. (Dex -2) [potion of
                  | mutation]
  1209 | D:2      | Lost mutation: You have an increased reservoir of magic.
                  | (+10% MP) [potion of mutation]
  1209 | D:2      | Gained mutation: Your spells are a little easier to cast,
                  | but a little less powerful. [potion of mutation]
  1209 | D:2      | Gained mutation: You are resistant to hostile enchantments.
                  | (MR+) [potion of mutation]
  1209 | D:2      | Gained mutation: Your spells are easier to cast, but less
                  | powerful. [potion of mutation]
  1209 | D:2      | Lost mutation: Your spells are easier to cast, but less
                  | powerful. [potion of mutation]
  1209 | D:2      | Succumbed to Sigmund's poison

Illustrated notes

Levels and vault maps discovered:
D:1:      minmay_arrival_checkered_box, layout_loops_corners
D:2:      minmay_razor_zed, layout_loops_ring, uniq_sigmund

Action                   || total
-------------------------++-------
Melee: Short sword       ||     2
       Dagger            ||    30
       Tailslap          ||     2
 Cast: Foxfire           ||    17
  Use: Potion            ||     4
  Eat: Chunk             ||     1
Armor: Skin              ||    13
Dodge: Dodged            ||    38
